Map: Frostline LE

Players

wootwoot - Winner!

  • Race: Protoss Protoss
  • League: Gold
  • Spawn Location: 7:00

Solindar

  • Race: Terran Terran
  • Spawn Location: 1:00

VOD

Have the link to the VOD?

Description

Time

  • Played on: April 1, 2025, 7:19 p.m.
  • Length: 3:26
Show
View Real Time Build Order
Export as new Build Order

wootwoot Protoss - Winner!

Build Orders: 1 Gate Expand 

Get SALT Encoding   

  12  0:00  Probe  
  13  0:12  Probe  
  14  0:16  Pylon  
  14  0:23  Probe  
  15  0:31  Probe  
  15  0:38  Gateway  
  15  0:40  Probe  
  16  0:45  Assimilator  
  17  0:51  Probe  
  18  1:03  Probe  
  19  1:15  Probe  
  20  1:21  Nexus  
  20  1:31  Cybernetics Core  
  20  1:36  Assimilator  
  20  1:37  Probe  
  21  1:45  Probe  
  21  1:46  Pylon  
  21  1:53  Probe  
  22  1:55  Stalker  
  23  2:05  Probe  
  26  2:17  Twilight Council  
  26  2:22  Probe  
  29  2:34  Probe  
  29  2:36  Probe  
  31  2:46  Probe x2  
  31  2:54  Probe  
  32  2:58  Probe  
  32  3:03  Probe  
  33  3:10  Gateway, Probe  
  33  3:11  Gateway  
  35  3:16  Robotics Facility  
Show
View Real Time Build Order
Export as new Build Order

Solindar Terran 

Build Orders: Reaper Expand 

Get SALT Encoding   

  12  0:00  SCV  
  13  0:12  SCV  
  14  0:17  Supply Depot  
  14  0:25  SCV  
  15  0:38  SCV  
  15  0:40  Barracks  
  16  0:43  Refinery  
  16  0:51  SCV  
  17  1:03  SCV  
  18  1:15  SCV  
  19  1:32  Orbital Command, Reaper  
  20  1:47  Command Center  
  20  2:00  SCV  
  21  2:03  Supply Depot  
  21  2:04  Marine  
  22  2:08  Factory  
  22  2:17  SCV  
  22  2:20  Refinery  
  23  2:24  Barracks Reactor  
  23  2:29  SCV  
  24  2:43  SCV  
  24  2:54  Factory Tech Lab  
  24  2:55  SCV  
  25  3:01  Command Center  
  25  3:11  SCV  
  26  3:16  Starport  
Tags
 
Add a new tag
Caveats
  • Supply blocks, unpowered buildings, or Contaminate may cause inaccurate times.
  • Supply counts are checked every 10 seconds.